 Dungeon Crawl Stone Soup version 0.30-a0-347-gf58ed5266c (webtiles) character file.

Game seed: 12734802202227940140

84 muata the Conjurer (level 4, -5/33 HPs)
             Began as a Draconian Conjurer on Nov 5, 2022.
             Slain by Grinder (6 damage)
             ... while paralysed by Grinder
             ... on level 2 of the Dungeon.
             The game lasted 00:08:02 (3079 turns).

muata the Conjurer (Draconian Conjurer)             Turns: 3079, Time: 00:08:02

Health: -5/33      AC:  8    Str:  9    XL:     4   Next: 23%
Magic:  1/9        EV:  2    Int: 21    God:
Gold:   212        SH:  0    Dex:  9    Spells: 4/10 levels left

rFire   . . .      SeeInvis .    b - staff of air
rCold   . . .      Faith    .    (no shield)
rNeg    . . .      Spirit   .    (body armour unavailable)
rPois   .          Reflect  .    (helmet restricted)
rElec   +          Harm     .    (no cloak)
rCorr   .          Rampage  .    o - +2 pair of gloves
Will    .....                    (no boots)
Stlth   ++........               (no amulet)
HPRegen 0.25/turn                (no ring)
MPRegen 0.11/turn                (no ring)

@: paralysed
A: AC +5, unfitting armour, cold-blooded
a: no special abilities


You were on level 2 of the Dungeon.
You visited 1 branch of the dungeon, and saw 3 of its levels.

You collected 212 gold pieces.

Inventory:

Hand Weapons
 e - a +0 hand axe
Armour
 o - a +2 pair of gloves (worn)
Magical Staves
 b - a staff of air (weapon)
Jewellery
 m - a ring of poison resistance
Scrolls
 c - 2 scrolls of magic mapping {unknown}
 d - a scroll of identify {unknown}
 h - 4 scrolls of brand weapon {unknown}
 j - a scroll of blinking {unknown}
 k - 2 scrolls of poison {unknown}
 l - 2 scrolls of immolation {unknown}
 p - a scroll of teleportation {unknown}
Potions
 a - 2 potions of magic
 f - a potion of flight {unknown}
 g - a potion of ambrosia {unknown}
 i - a potion of curing {unknown}
 n - a potion of heal wounds {unknown}


   Skills:
 - Level 1.7 Dodging
 - Level 1.7 Stealth
 + Level 3.7 Spellcasting
 - Level 4.5 Conjurations
 + Level 0.0 Hexes


You had 4 spell levels left.
You knew the following spells:

 Your Spells              Type           Power      Damage    Failure   Level
a - Magic Dart            Conj           88%        1d7       1%          1
b - Searing Ray           Conj           44%        2d6       3%          2
c - Dazzling Flash        Conj/Hex       26%        N/A       14%         3

Your spell library contained the following spells:

 Spells                   Type           Power      Damage    Failure   Level
 Fulminant Prism          Conj/Hex       6%         3d7       43%         4
 Iskenderun's Mystic Bla  Conj/Tloc      13%        2d5       43%         4


Dungeon Overview and Level Annotations

Branches:
Dungeon (3/15)

Altars:

Shops:
D:1 *

Annotations:
D:2 Grinder


Innate Abilities, Weirdness & Mutations

Your plain brown scales are hard. (AC +5)
You cannot fit into any form of body armour.
You are cold-blooded and may be slowed by cold attacks.


Message History

Confirm with . or Enter, or press ? or * to list all spells.
Aiming: Magic Dart (safe; 1% risk of failure)
Press: ? - help, Shift-Dir - straight line, f/p - Grinder
Aim: Grinder (heavily wounded, 100% to hit)
The magic dart hits Grinder.
Grinder is severely wounded.
Casting: Magic Dart (safe; 1% risk of failure)
Confirm with . or Enter, or press ? or * to list all spells.
Aiming: Magic Dart (safe; 1% risk of failure)
Press: ? - help, Shift-Dir - straight line, f/p - Grinder
Aim: Grinder (severely wounded, 100% to hit)
The magic dart hits Grinder.
Grinder is severely wounded.
Grinder gestures at you. Pain shoots through your body!
Casting: Magic Dart (safe; 1% risk of failure)
Confirm with . or Enter, or press ? or * to list all spells.
Aiming: Magic Dart (safe; 1% risk of failure)
Press: ? - help, Shift-Dir - straight line, f/p - Grinder
Aim: Grinder (severely wounded, 100% to hit)
The magic dart hits Grinder.
Grinder is severely wounded.
You closely miss Grinder.
Your tail-slap misses Grinder.
Grinder is severely wounded.
Grinder hits you but does no damage.
You barely miss Grinder.
Grinder is severely wounded.
Grinder gestures at you.
You suddenly lose the ability to move!
Grinder hits you.
You writhe in agony.
Grinder hits you.
* * * LOW HITPOINT WARNING * * *
You writhe in agony.
* * * LOW HITPOINT WARNING * * *
Grinder gestures at you. You resist with significant effort. Grinder hits you.
* * * LOW HITPOINT WARNING * * *
You writhe in agony.
You die...

#.###### #.......... #......#
#.......... ####.##.#.#
#..........
#..#.##.#.########.########
#..#.##.#..................
#..#.##.#.########.########
#..#.##.#>.................
#..#.....#5##..............
#..####..#@##.).##.########
#..# #..#.#....##.# #..#
#.5#.#.....#.#
###..####..#.#.......#
#.......#..#.##.#.#..########
####.##.#..#.##.#.##.#.......
#.##.#..#.##.#.##...######
#.##.#..#.##.#.###..#
#.##.#..#.##.#.# #..##


You could see Grinder.

Vanquished Creatures
  2 adders (D:2)
  2 worms (D:2)
  2 dart slugs
  6 endoplasms
  7 giant cockroaches
  2 goblins
  3 hobgoblins
  3 jackals (D:1)
  4 kobolds
  2 quokkas (D:2)
  6 ball pythons
  2 bats (D:2)
  3 frilled lizards
  9 rats
53 creatures vanquished.

Notes
Turn   | Place    | Note
-------+----------+-------------------------------------------
     0 | D:1      | muata the Draconian Conjurer began the quest for the Orb.
     0 | D:1      | Reached XP level 1. HP: 14/14 MP: 3/3
   103 | D:1      | Found Zebiy's Assorted Antiques.
   417 | D:1      | Reached XP level 2. HP: 20/20 MP: 1/5
   734 | D:1      | Learned a level 2 spell: Searing Ray
  1399 | D:2      | Reached XP level 3. HP: 26/26 MP: 5/7
  1403 | D:2      | Learned a level 3 spell: Dazzling Flash
  1558 | D:2      | Found a faded altar of an unknown god.
  2063 | D:2      | Reached XP level 4. HP: 33/33 MP: 6/9
  3052 | D:3      | Noticed Grinder
  3057 | D:3      | Paralysed by Grinder for 5 turns
  3075 | D:2      | Paralysed by Grinder for 5 turns
  3079 | D:2      | HP: 1/33 [Grinder (5)]
  3079 | D:2      | Slain by Grinder

Illustrated notes

Levels and vault maps discovered:
D:1:      dpeg_arrival_ratfight, layout_loops_corners, serial_shops,
          nicolae_lakefront_shop, corexii_leaking_fountain
D:2:      layout_basic, hellmonk_ecumenical_altar_inner_sanctum,
          minmay_randomly_rotated_circles
D:3:      layout_rooms, uniq_grinder

Skill      XL: |  1  2  3 |
---------------+----------+-----
Spellcasting   | 3 |  3.7
Dodging        | |  1.7
Stealth        | |  1.7
Conjurations   | |  4.5

Action                   |  1- 3 |  4- 6 || total
-------------------------+-------+-------++-------
Melee: Unarmed           |    16 |       ||    16
       Tailslap          |     6 |       ||     6
       Staff             |    25 |     2 ||    27
 Cast: Magic Dart        |    84 |    31 ||   115
Armor: Skin              |    14 |     3 ||    17
Dodge: Dodged            |    40 |     3 ||    43

Table legend: (Time is in decaauts)
 A = Elapsed time spent in this place.
 B = Non-inter-level travel time spent in this place.
 C = Inter-level travel time spent in this place.
 D = Time resting spent in this place.
 E = Time spent auto-exploring this place.
 F = Levels seen in this place.
 G = Mean time per level.
                   A        B        C        D        E       F      G
               +--------+--------+--------+--------+--------+-----+--------+
         Total |   3084 |   2983 |    101 |    195 |   2455 |   3 | 1028.0 |
       Dungeon |   3084 |   2983 |    101 |    195 |   2455 |   3 | 1028.0 |
               +--------+--------+--------+--------+--------+-----+--------+

Top non-repeatable levels by time:
     D:2: 1677 daAuts
     D:1: 1395 daAuts
     D:3: 10 daAuts
